 Dungeon Crawl Stone Soup version 0.29-a0-1019-g84f7d21838 (webtiles) character file.

Game seed: 6029644348308809146

394 Manisian the Magician (level 6, -1/28 HPs)
             Began as a Spriggan Conjurer on Aug 10, 2022.
             Was an Initiate of Vehumet.
             Slain by a hornet (6 damage)
             ... on level 4 of the Dungeon.
             The game lasted 00:08:38 (4068 turns).

Manisian the Magician (Spriggan Conjurer)           Turns: 4068, Time: 00:08:38

Health: -1/28      AC:  3    Str:  3    XL:     6   Next: 51%
Magic:  3/14       EV: 17    Int: 21    God:    Vehumet [......]
Gold:   1357       SH:  5    Dex: 14    Spells: 5/15 levels left

rFire   . . .      SeeInvis +   (weapon restricted)
rCold   . . .      Faith    .   (no shield)
rNeg    . . .      Spirit   .   a - +0 robe
rPois   .          Reflect  +   (helmet restricted)
rElec   .          Harm     .   k - +0 cloak
rCorr   .          Rampage  .   (gloves unavailable)
Will    +....                   (boots unavailable)
Stlth   +++.......              g - amulet of reflection
HPRegen 0.09/turn               (no ring)
MPRegen 0.14/turn               (no ring)

@: lethally poisoned (-1 -> -8), slowed, quick
A: very small, no large weapons, unfitting armour, see invisible, speed 3
a: Renounce Religion


You were on level 4 of the Dungeon.
You worshipped Vehumet.
Vehumet was noncommittal.
You visited 2 branches of the dungeon, and saw 5 of its levels.

You collected 1357 gold pieces.

Inventory:

Armour
 a - a +0 robe (worn)
 k - a +0 cloak (worn)
Jewellery
 g - an amulet of reflection (around neck)
Scrolls
 h - 3 scrolls of identify {unknown}
 j - 2 scrolls of teleportation {unknown}
 l - a scroll of enchant weapon {unknown}
 n - 2 scrolls of fear
 o - 2 scrolls of enchant armour {unknown}
Potions
 c - a potion of brilliance {unknown}
 d - a potion of flight {unknown}
 e - 3 potions of invisibility {unknown}
 f - 2 potions of curing {unknown}
 i - a potion of might {unknown}
 m - a potion of ambrosia {unknown}
 p - a potion of haste {unknown}


   Skills:
 + Level 3.1 Dodging
 + Level 4.1 Stealth
 + Level 5.2 Spellcasting
 + Level 4.6 Conjurations
 * Level 2.3 Hexes


You had 5 spell levels left.
You knew the following spells:

 Your Spells              Type           Power      Damage    Failure   Level
a - Magic Dart            Conj           96%        1d7       1%          1
b - Searing Ray           Conj           48%        2d6       2%          2
c - Dazzling Flash        Conj/Hex       40%        N/A       8%          3
d - Fulminant Prism       Conj/Hex       10%        3d9       26%         4

Your spell library contained the following spells:

 Spells                   Type           Power      Damage    Failure   Level
 Portal Projectile        Hex/Tloc       20%        N/A       21%         3
 Call Canine Familiar     Summ           5%         N/A       32%         3
 Iskenderun's Mystic Bla  Conj/Tloc      15%        2d5       38%         4
 Leda's Liquefaction      Hex/Erth       5%         N/A       54%         4


Dungeon Overview and Level Annotations

Branches:
Dungeon (4/15)             Temple (1/1) D:4

Altars:
Ashenzari
Dithmenos
Elyvilon
Fedhas
Gozag
Hepliaklqana
Kikubaaqudgha
Makhleb
Nemelex Xobeh
Okawaru
Qazlal
Ru
Sif Muna
Uskayaw
Vehumet
Wu Jian
Xom
Yredelemnul
The Shining One

Annotations:
D:3 Grinder
D:4 exclusion: scorpion


Innate Abilities, Weirdness & Mutations

You are very small and have problems with some larger weapons.
You are too small for most types of armour.
You have supernaturally acute eyesight. (SInv)
You cover ground extremely quickly. (Speed+++)


Message History

The hornet is dazzled.
Casting: Dazzling Flash (quite dangerous; 8% risk of failure)
Confirm with . or Enter, or press ? or * to list all spells.
Aiming: Searing Ray (safe; 2% risk of failure)
Press: ? - help, Shift-Dir - straight line, f - hornet
Aim: a hornet (lightly wounded, wandering, blind, hasn't noticed you, 69% to hit)
The searing ray hits the hornet but does no damage.
The hornet is lightly wounded. (Press . to maintain the ray.)
The hornet is no longer blind.
The searing ray hits the hornet.
The hornet is moderately wounded.
The hornet buzzes angrily.
You block the hornet's attack.
The searing ray hits the hornet.
The hornet is heavily wounded.
The hornet completely misses you.
The searing ray hits the hornet.
The hornet is heavily wounded.
You finish channelling your searing ray.
The hornet completely misses you. You block the hornet's attack.
You block the hornet's attack. The hornet stings you!
You are poisoned.
You feel yourself slow down. The hornet closely misses you.
Casting: Searing Ray (safe; 2% risk of failure)
Confirm with . or Enter, or press ? or * to list all spells.
Aiming: Magic Dart (safe; 1% risk of failure)
Press: ? - help, Shift-Dir - straight line, f/p - hornet
Aim: a hornet (heavily wounded, 100% to hit)
The magic dart hits the hornet.
The hornet is heavily wounded.
You feel very sick. The hornet closely misses you.
The hornet stings you but does no damage.
You feel yourself speed up.
You feel sick. The hornet stings you.
* * * LOW HITPOINT WARNING * * *
You feel yourself slow down. The hornet stings you.
You die...

............#........
.............###..#.
#...###.##.......... #
#..# #.#######...#.
#.##)>####.# ##.###.
#..........# ###...###
####..###### #........
#.####..#### ###.#...###
#.......@..####......## #
>)......)y......#.#######
##########.####...†......
#.# #.#.####### #.# #.#.#
### #.# #.#.### ... ####
#.# #.#...##.## #... #.#
#.###...... ###... #.#
#.###......


You could see a hornet.

Vanquished Creatures
  An ogre (D:4)
  2 scorpions (D:4)
  A howler monkey (D:4)
  An orc wizard (D:3)
  4 gnolls (D:4)
  2 adders
  A worm (D:2)
  2 dart slugs (D:2)
  2 orcs (D:3)
  6 endoplasms
  2 giant cockroaches
  4 goblins
  6 hobgoblins
  5 jackals
  5 kobolds
  3 quokkas
  5 ball pythons
  7 bats
  3 frilled lizards
  7 rats
69 creatures vanquished.

Vanquished Creatures (others)
  A fulminant prism (D:4)
1 creature vanquished.

Grand Total: 70 creatures vanquished

Notes
Turn   | Place    | Note
-------+----------+-------------------------------------------
     0 | D:1      | Manisian the Spriggan Conjurer began the quest for the Orb.
     0 | D:1      | Reached XP level 1. HP: 9/9 MP: 5/5
   338 | D:1      | Reached XP level 2. HP: 13/13 MP: 3/6
   341 | D:1      | Learned a level 2 spell: Searing Ray
   968 | D:1      | Found a faded altar of an unknown god.
  1179 | D:1      | Reached skill level 3 in Spellcasting
  1489 | D:2      | Reached XP level 3. HP: 16/16 MP: 0/8
  1560 | D:2      | Learned a level 3 spell: Dazzling Flash
  1735 | D:2      | Identified the +5 ring mail "Xipaafi" {Harm rC+ Dex+4}
  2128 | D:2      | Identified a scroll of acquirement
  2128 | D:2      | Acquired 1240 gold pieces
  2585 | D:3      | Noticed Grinder
  2684 | D:3      | Reached XP level 4. HP: 21/21 MP: 5/10
  2694 | D:3      | Learned a level 4 spell: Fulminant Prism
  3379 | D:4      | Noticed a scorpion
  3466 | D:4      | Found a staircase to the Ecumenical Temple.
  3489 | D:4      | Reached skill level 4 in Spellcasting
  3489 | D:4      | Reached XP level 5. HP: 24/24 MP: 4/12
  3498 | Temple   | Entered the Ecumenical Temple
  3498 | Temple   | Found a transporter.
  3498 | Temple   | Found a transporter.
  3500 | Temple   | Found a transporter.
  3500 | Temple   | Found a transporter.
  3528 | Temple   | Became a worshipper of Vehumet
  3630 | D:4      | Reached skill level 1 in Hexes
  3728 | D:4      | Identified the +4 ring mail "Kosch" {rPois Str+4}
  3965 | D:4      | Reached XP level 6. HP: 28/28 MP: 4/14
  3974 | D:4      | Noticed a hornet
  3988 | D:4      | Reached skill level 5 in Spellcasting
  4068 | D:4      | Slain by a hornet

Illustrated notes

Levels and vault maps discovered:
D:1:      matt_arrival_spirals, layout_loops_corners,
          chequers_ecumenical_altar_grove, minmay_misc_feat_nine_boxes,
          feat_on_display
D:2:      layout_basic
D:3:      layout_basic, minitemple, uniq_grinder
D:4:      layout_loops_ring, slow_altar_2, temple_statues, st_stairs_1,
          minmay_door_square
Temple:   hellmonk_temple_divided_pantheon

Skill      XL: |  1  2  3  4  5  6 |
---------------+-------------------+-----
Conjurations   | 3 4 |  4.6
Spellcasting   | 3 4 5 |  5.2
Dodging        | 3 |  3.1
Hexes          | 1 2 |  2.3
Stealth        | 4 |  4.1

Action                   |  1- 3 |  4- 6 || total
-------------------------+-------+-------++-------
Melee: Unarmed           |     7 |       ||     7
 Cast: Magic Dart        |    87 |    46 ||   133
       Searing Ray       |     2 |     7 ||     9
       Fulminant Prism   |       |     1 ||     1
       Dazzling Flash    |       |     1 ||     1
  Use: Scroll            |     5 |       ||     5
       Potion            |       |     1 ||     1
Armor: Robe              |       |     4 ||     4
Dodge: Dodged            |    11 |    12 ||    23
Block: Other             |     1 |     8 ||     9
       Reflection        |       |     1 ||     1

Table legend: (Time is in decaauts)
 A = Elapsed time spent in this place.
 B = Non-inter-level travel time spent in this place.
 C = Inter-level travel time spent in this place.
 D = Time resting spent in this place.
 E = Time spent auto-exploring this place.
 F = Levels seen in this place.
 G = Mean time per level.
                   A        B        C        D        E       F      G
               +--------+--------+--------+--------+--------+-----+--------+
         Total |   3069 |   2884 |    185 |    251 |   2208 |   5 |  613.8 |
       Dungeon |   3004 |   2847 |    157 |    251 |   2183 |   4 |  751.0 |
        Temple |     65 |     37 |     28 |      0 |     25 |   1 |   65.0 |
               +--------+--------+--------+--------+--------+-----+--------+

Top non-repeatable levels by time:
     D:1: 1022 daAuts
     D:3: 813 daAuts
     D:2: 683 daAuts
     D:4: 484 daAuts
  Temple: 65 daAuts
